 Dungeon Crawl Stone Soup version 0.27-a0-562-g0d39f094a4 (webtiles) character file.

Game seed: 3790588959164262692

58 kae the Ruffian (level 4, 0/39 HPs)
             Began as a Naga Transmuter on Mar 8, 2021.
             Slain by an orc
             ... wielding a +0 short sword
              (2 damage)
             ... on level 3 of the Dungeon.
             The game lasted 00:01:38 (2538 turns).

kae the Ruffian (Naga Transmuter)                   Turns: 2538, Time: 00:01:39

Health: 0/39       AC:  2    Str: 26    XL:     4   Next: 1%
Magic:  6/7        EV:  9    Int: 13    God:
Gold:   104        SH:  0    Dex: 11    Spells: 6/7 levels left

rFire    . . .     SeeInvis +     - Unarmed
rCold    . . .     Faith    .   (no shield)
rNeg     . . .     Spirit   .   a - +0 robe
rPois    +         Reflect  .   (no helmet)
rElec    .         Harm     .   (no cloak)
rCorr    .         Rampage  .   (no gloves)
Will     .....                  (no barding)
Stlth    +.........             (no amulet)
HPRegen  0.13/turn              h - +6 ring of strength
MPRegen  0.10/turn              d - +6 ring of strength

@: very slow
A: large, see invisible, deformed body, poison resistance, slowness 2, spit
poison 1, naga tail 1, AC +1
a: Spit Poison


You were on level 3 of the Dungeon.
You visited 1 branch of the dungeon, and saw 3 of its levels.

You collected 104 gold pieces.

Inventory:

Armour
 a - a +0 robe (worn)
Jewellery
 d - a +6 ring of strength (right hand)
 h - a +6 ring of strength (left hand)
Scrolls
 b - 3 scrolls of identify
 e - a scroll of noise {unknown}
 f - 2 scrolls of teleportation
 g - a scroll of fear {unknown}
 j - a scroll of enchant weapon {unknown}
 k - a scroll of amnesia {unknown}


   Skills:
 + Level 2.0 Fighting
 - Level 1.5 Dodging
 + Level 3.4 Unarmed Combat
 - Level 2.0 Spellcasting
 * Level 3.2 Transmutations


You had 6 spell levels left.
You knew the following spells:

 Your Spells              Type           Power      Damage    Failure   Level
a - Beastly Appendage     Tmut           18%        N/A       7%          1

Your spell library contained the following spells:

 Spells                   Type           Power      Damage    Failure   Level
 Wereblood                Tmut           9%         N/A       11%         2
 Spider Form              Tmut/Pois      2%         N/A       36%         3
 Ice Form                 Ice/Tmut       5%         N/A       78%         4
 Blade Hands              Tmut           4%         N/A       88%         5


Dungeon Overview and Level Annotations

Branches:
Dungeon (3/15)

Altars:
Okawaru
Qazlal
The Shining One


Innate Abilities, Weirdness & Mutations

Your serpentine skin is tough. (AC +1)
You have supernaturally acute eyesight. (SInv)
Armour fits poorly on your strangely shaped body.
Your system is resistant to poisons. (rPois)
You cover ground very slowly.
You can spit poison.
You have a snake-like lower body.


Message History

Confirm with . or Enter, or press ? or * to list all spells.
You don't know that spell.
Casting: Beastly Appendage (safe; 7% risk of failure)
Confirm with . or Enter, or press ? or * to list all spells.
You grow a pair of large bovine horns.
The orc hits you. The orc hits you with a +0 hand axe.
The orc hits you with a +0 flail.
You have got your breath back.
The orc hits you with a +0 short sword. The orc barely misses you.
You barely miss the orc. Your headbutt misses the orc. The orc hits you.
The orc closely misses you. x2; The orc hits you with a +0 hand axe.
You hit the orc.
The orc is heavily wounded.
The orc hits you. The orc hits you with a +0 short sword! The orc hits you.
You barely miss the orc. The orc completely misses you.
The orc hits you with a +0 flail. The orc hits you.
* * * LOW HITPOINT WARNING * * *
The orc hits you with a +0 short sword.
* * * LOW HITPOINT WARNING * * *
The orc barely misses you.
It was a potion of lignification.
Your horns disappear.
You turn into a tree.
Your +0 robe melds into your body.
Your roots penetrate the ground.
The orc hits you but does no damage. x5
It was a potion of cancellation.
Your magical effects are unravelling.
You feel magically purged.
You feel less wooden.
Your +0 robe unmelds from your body.
The orc closely misses you. The orc hits you but does no damage.
The orc closely misses you. The orc hits you with a +0 short sword.
* * * LOW HITPOINT WARNING * * *
The orc hits you.
* * * LOW HITPOINT WARNING * * *
Unknown command.
Unknown command.
As you read the scroll labelled WIFAME URUXYKK, it crumbles to dust.
It is a scroll of identify.
f - 2 scrolls of teleportation The orc closely misses you. x2; The orc hits you with a +0 short sword.
You die...

.... .... ..... .....
...... ##### ......###
#...# ......oo### #._.#
.....ro@..## #...#
......oo...## ###.##
............### ###8...8
.....##.......###.......
#..## ###...............
.. ###.#........... .
#####.#.#)...#
#######.##
##############


You could see 5 orcs and a rat.

Vanquished Creatures
  2 adders
  An ooze (D:2)
  A worm (D:2)
  2 giant cockroaches (D:1)
  4 goblins
  A hobgoblin (D:3)
  4 jackals (D:3)
  8 bats
  3 frilled lizards
  2 kobolds
  4 rats
32 creatures vanquished.

Notes
Turn   | Place    | Note
-------+----------+-------------------------------------------
     0 | D:1      | kae the Naga Transmuter began the quest for the Orb.
     0 | D:1      | Reached XP level 1. HP: 18/18 MP: 3/3
   536 | D:1      | Reached XP level 2. HP: 25/25 MP: 3/5
  1018 | D:1      | You fall into a shaft and drop 1 floor!
  1828 | D:2      | Reached XP level 3. HP: 31/31 MP: 6/6
  2191 | D:3      | Found a stormy altar of Qazlal.
  2207 | D:3      | Found an iron altar of Okawaru.
  2361 | D:3      | Reached XP level 4. HP: 22/39 MP: 7/7
  2507 | D:3      | Found a glowing golden altar of the Shining One.
  2538 | D:3      | Slain by an orc

Illustrated notes

Levels and vault maps discovered:
D:1:      scummos_arrival_simple_fountains, layout_basic, grunt_decor_cap
D:2:      layout_rooms
D:3:      layout_rooms, nicolae_overflow_quartered_altars,
          chequers_ecumenical_altar_simple_redux, st_stairs_7,
          nicolae_tso_carved_into_rock

Skill      XL: |  1  2  3 |
---------------+----------+-----
Transmutations | 3 |  3.2
Fighting       | 2 |  2.0
Dodging        | |  1.5
Unarmed Combat | |  3.4
Spellcasting   | |  2.0

Action                   |  1- 3 |  4- 6 || total
-------------------------+-------+-------++-------
Melee: Unarmed           |   105 |     7 ||   112
       Headbutt          |     5 |       ||     5
 Cast: Beastly Appendage |    10 |     1 ||    11
 Abil: Spit Poison       |    17 |     2 ||    19
  Use: Potion            |       |     2 ||     2
       Scroll            |       |     1 ||     1
 Stab: Sleeping          |     1 |       ||     1
Armor: Robe              |    45 |     1 ||    46
       Skin              |       |     5 ||     5
Dodge: Dodged            |    72 |    12 ||    84

Table legend: (Time is in decaauts)
 A = Elapsed time spent in this place.
 B = Non-inter-level travel time spent in this place.
 C = Inter-level travel time spent in this place.
 D = Time resting spent in this place.
 E = Time spent auto-exploring this place.
 F = Levels seen in this place.
 G = Mean time per level.
                   A        B        C        D        E       F      G
               +--------+--------+--------+--------+--------+-----+--------+
         Total |   3075 |   2991 |     84 |      6 |   2692 |   3 | 1025.0 |
       Dungeon |   3075 |   2991 |     84 |      6 |   2692 |   3 | 1025.0 |
               +--------+--------+--------+--------+--------+-----+--------+

Top non-repeatable levels by time:
     D:1: 1722 daAuts
     D:2: 895 daAuts
     D:3: 457 daAuts
